 Dungeon Crawl Stone Soup version 0.23.1 (webtiles) character file.

Game seed: 2440137707239998035

19 Kairos the Sneak (level 2, -12/15 HPs)
             Began as a Vine Stalker Assassin on Mar 17, 2019.
             Mangled by a gnoll
             ... wielding a +2 whip of electrocution
              (16 damage)
             ... on level 2 of the Dungeon.
             The game lasted 00:00:51 (564 turns).

Kairos the Sneak (Vine Stalker Assassin)             Turns: 564, Time: 00:00:53

Health: -12/15     AC:  6    Str: 13    XL:     2   Next: 75%
Magic:  0/3        EV: 10    Int: 11    God:
Gold:   49         SH:  0    Dex: 15    Spells: 1/1 levels left

rFire    . . .     SeeInvis .   a - +2 dagger
rCold    . . .     Gourm    +   (no shield)
rNeg     . . .     Faith    .   p - +0 ring mail
rPois    .         Spirit   +   (no helmet)
rElec    .         Reflect  .   d - +0 cloak
rCorr    .         Harm     .   (no gloves)
MR       .....                  (no boots)
Stlth    +++.......             m - amulet of the gourmand
HPRegen  0.05/turn              k - ring of stealth
MPRegen  0.08/turn              (no ring)

@: no status effects
A: fangs 2, magic shield, antimagic bite, no potion heal 3, rot immunity
a: no special abilities


You were on level 2 of the Dungeon.
You were not hungry.

You visited 1 branch of the dungeon, and saw 2 of its levels.

You collected 49 gold pieces.

Inventory:

Hand Weapons
 a - a +2 dagger (weapon)
 b - a +0 blowgun
Missiles
 e - 8 poisoned needles
 f - 2 curare-tipped needles
Armour
 c - a +0 robe
 d - a +0 cloak (worn)
 p - a +0 ring mail (worn)
Jewellery
 k - a ring of stealth (left hand)
 m - an amulet of the gourmand (around neck)
Scrolls
 h - 2 scrolls of fear {unknown}
 i - 2 scrolls of teleportation {unknown}
 n - a scroll of enchant weapon {unknown}
 o - 2 scrolls of identify {unknown}
Potions
 j - a potion of lignification {unknown}
 l - 2 potions of heal wounds {unknown}
Comestibles
 g - 3 rations


   Skills:
 + Level 1.8 Fighting
 + Level 1.9 Short Blades
 + Level 1.7 Throwing
 + Level 0.8 Dodging
 + Level 5.7 Stealth


You had one spell level left.
You didn't know any spells.
Your spell library was empty.

Dungeon Overview and Level Annotations

Branches:
Dungeon (2/15)

Altars:
Kikubaaqudgha


Innate Abilities, Weirdness & Mutations

You have extremely sharp teeth.
When hurt, damage is shared between your health and your magic reserves.
Your bite disrupts and absorbs the magic of your enemies.
Potions cannot restore your health.
You are immune to rotting.


Message History

A gnoll comes into view. It is wielding a +0 flail.
An adder comes into view.
Found a stone staircase leading down.
There are monsters nearby!
The gnoll hits you with a cursed +0 club!
There are monsters nearby!
The gnoll shouts!
The adder hisses angrily.
You hit the gnoll. Your bite misses the gnoll.
The gnoll is lightly wounded.
The gnoll hits you with a +2 whip of electrocution.
The gnoll barely misses you. The gnoll hits you but does no damage.
There are monsters nearby!
You hit the gnoll. You bite the gnoll. You drain its power.
You feel invigorated.
The gnoll is heavily wounded.
The gnoll hits you with a +2 whip of electrocution.
* * * LOW HITPOINT WARNING * * *
You are electrocuted!
Ouch! That really hurt!
You die... ....... ..>.... ### gS.....

.. ....... ..##.......
#.#.g...... #.#gg......
#.#@# #...# ##.#######
#.##....#
###.......###########
#...#.....#.........# .
##.###..._.#.........#
....#..##...>..#.........#
#....†)...†............#


You could see 4 gnolls and an adder.

Vanquished Creatures
  4 goblins (D:1)
  2 hobgoblins
  2 jackals (D:1)
  2 kobolds (D:1)
  3 bats (D:1)
  2 frilled lizards
  2 rats
17 creatures vanquished.

Notes
Turn   | Place    | Note
-------+----------+-------------------------------------------
     0 | D:1      | Kairos the Vine Stalker Assassin began the quest for the
                  | Orb.
     0 | D:1      | Reached XP level 1. HP: 11/11 MP: 2/2
    29 | D:1      | Reached skill level 5 in Stealth
    65 | D:1      | Reached XP level 2. HP: 2/15 MP: 1/3
   527 | D:2      | Found an ancient bone altar of Kikubaaqudgha.
   564 | D:2      | Mangled by a gnoll

Skill      XL: |  1 |
---------------+----+-----
Stealth        | 5 |  5.7
Fighting       | |  1.8
Short Blades   | |  1.9
Throwing       | |  1.7
Dodging        | |  0.8

Action                   || total
-------------------------++-------
Melee: Dagger            ||    42
       Bite              ||    10
 Stab: Sleeping          ||     4
       Distracted        ||     1
Armor: Robe              ||    13
       Ring mail         ||     5
Dodge: Dodged            ||    23
